 Dungeon Crawl Stone Soup version 0.16-a0-1816-g2c93a98 (webtiles) character file.

95191 Gorice the Sharpshooter (level 15, -16/100 HPs)
             Began as a Demonspawn Wanderer on Nov 1, 2014.
             Was a High Priest of Okawaru.
             Demolished by a tentacled starspawn (24 damage)
             ... on level 1 of the Abyss on Nov 3, 2014.
             The game lasted 05:44:45 (32262 turns).

Gorice the Sharpshooter (Demonspawn Wanderer)      Turns: 32262, Time: 05:44:45

Health: -16/100    AC: 19    Str: 18    XL:     15   Next: 65%
Magic:  26/26      EV: 26    Int: 16    God:    Okawaru [*****.]
Gold:   1173       SH:  0    Dex: 13    Spells: 6 memorised, 10 levels left

rFire  + . .     SeeInvis +     b - +0 arbalest "Qoumpek" {flame, rPois rC+ Int+2 Stlth--}
rCold  + . .     Clarity  +     y - +3 leather armour {rF+}
rNeg   . . .     SustAb   .     (no shield)
rPois  +         Gourm    .     T - +2 hat
rElec  .         Spirit   .     J - +0 cloak "Smufyschi" {+Rage +Inv +Fly}
rCorr  +         Warding  .     O - +0 pair of gloves
rMut   .         Stasis   .     G - +0 pair of boots {Stlth+}
MR     +....                    e - amulet of clarity
Stlth  ++........               v - +6 ring of evasion
                                z - ring of see invisible

@: heroism, repel missiles, somewhat resistant to hostile enchantments,
unstealthy
A: antennae 2, yellow scales 3, foul stench 2, rot immunity
a: Heroism, Finesse, Renounce Religion, Evoke Berserk Rage, Evoke Invisibility,
Evoke Flight


You were on level 1 of the Abyss.
You worshipped Okawaru.
Okawaru was extremely pleased with you.
You were not hungry.

You visited 4 branches of the dungeon, and saw 27 of its levels.
You visited the Abyss 1 time.
You also visited: Volcano.

You collected 3021 gold pieces.
You spent 1848 gold pieces at shops.

Inventory:

Hand weapons
 a - a +1 whip of electrocution
 b - the +0 arbalest "Qoumpek" (weapon) {flame, rPois rC+ Int+2 Stlth--}
   (You acquired it on level 7 of the Dungeon)

   It turns projectiles fired from it into bolts of flame.
   It affects your intelligence (+2).
   It protects you from cold.
   It protects you from poison.
   It makes you much less stealthy.
 f - a +3 arbalest of freezing
 j - a +4 scimitar of flaming
 B - a +0 blowgun
Missiles
 h - 7 javelins
 A - 4 curare-tipped needles
 P - 20 bolts of penetration (quivered)
 Y - a throwing net
Armour
 y - a +3 leather armour of fire resistance (worn)
 G - a +0 pair of boots of stealth (worn)
 J - the +0 cloak "Smufyschi" (worn) {+Rage +Inv +Fly}
   (Okawaru gifted it to you on level 3 of the Lair of Beasts)

   It lets you turn invisible.
   It lets you fly.
   It lets you go berserk.
 O - a +0 pair of gloves (worn)
 T - a +2 hat (worn)
Jewellery
 e - an amulet of clarity (around neck)
 q - an uncursed ring of protection from magic
 v - a +6 ring of evasion (right hand)
 z - a ring of see invisible (left hand)
 E - a +5 ring of protection
 F - an uncursed ring of positive energy
 S - an uncursed ring of sustain abilities
Magical devices
 d - a wand of fireball (6)
 n - a wand of disintegration (11)
 p - a wand of digging (17)
 t - a wand of cold (4)
 w - a wand of draining (7)
 C - a wand of enslavement (8)
 I - a wand of fire (7)
 M - a wand of heal wounds (6)
Scrolls
 k - 9 scrolls of teleportation
 l - 3 scrolls of fog
 r - a scroll of magic mapping
 s - 2 scrolls of blinking
 u - 3 scrolls of identify
 x - 10 scrolls of remove curse
 L - 4 scrolls of fear
Potions
 c - 2 potions of magic
 g - 3 potions of resistance
 i - a potion of haste
 o - 10 potions of curing
 R - 3 potions of might
Comestibles
 m - 10 meat rations
 V - 36 fruits


   Skills:
 - Level 4.0(9.0) Fighting
   Level 1.0(6.0) Axes
 + Level 17.2(22.2) Crossbows
 - Level 10.3(15.3) Armour
 + Level 10.9(15.9) Dodging
 - Level 1.0(6.0) Stealth
 - Level 4.6 Spellcasting
 + Level 7.0 Charms
 - Level 6.3 Translocations
 - Level 8.0 Invocations
 - Level 1.0 Evocations


You had 10 spell levels left.
You knew the following spells:

 Your Spells              Type           Power        Failure   Level  Hunger
a - Portal Projectile     Tloc           ###...       3%          3    ###....
b - Shroud of Golubria    Chrm/Tloc      ####......   1%          2    ##.....
A - Apportation           Tloc           ###.......   1%          1    None
J - Blink                 Tloc           N/A          1%          2    ##.....
M - Repel Missiles        Chrm/Air       ##....       8%          2    ##.....
R - Regeneration          Chrm/Necr      ##........   12%         3    ###....


Dungeon Overview and Level Annotations

Branches:
Dungeon (14/15)            Temple (1/1) D:6            Lair (8/8) D:9
 Shoals (0/5) Lair:6       Spider (0/5) Lair:6        Slime (0/6) Lair:6
    Orc (4/4) D:10            Elf (0/3) Orc:4
 Vaults: D:13-14

Altars:
Ashenzari
Cheibriados
Dithmenos
Elyvilon
Fedhas
Gozag
Kikubaaqudgha
Makhleb
Nemelex Xobeh
Okawaru
Qazlal
Ru
Sif Muna
Trog
Vehumet
Xom
Yredelemnul
Zin
The Shining One
Jiyva

Shops:
D:12 (   D:14 ?   Orc:1 }   Orc:2 }   Orc:3 *   Orc:4 [(*=

Annotations:
D:3 exclusion: oklob plant
D:13 exclusions: orange crystal statue and silver statue
D:14 Louise


Innate Abilities, Weirdness & Mutations

You have a pair of antennae on your head.
You are completely covered in yellow scales (AC +4, rCorr).
You radiate miasma.
You are immune to rotting.


Message History

The starspawn tentacle constricts you.
Unknown command.
Drink which item? (? for menu, Esc to quit)
You feel better. The tentacled starspawn bites you!
* * * LOW HITPOINT WARNING * * *
The tentacled starspawn engulfs you!
* * * LOW HITPOINT WARNING * * *
The starspawn tentacle constricts you.
Unknown command.
Unknown command.
Firing (i - inventory. (,) - cycle):
P - 21 bolts of penetration (quivered)
Press: ? - help, Shift-Dir - straight line, f/p - tentacled starspawn
Aim: a tentacled starspawn (foul pestilence, severely damaged)
You shoot a bolt of penetration.
The bolt of penetration pierces through the tentacled starspawn.
The bolt of penetration burns the tentacled starspawn.
The starspawn tentacle loses its grip on you.
The tentacled starspawn is almost destroyed.
The tentacled starspawn bites you!!
You die...

≈ ≈ # . ≈.≈ #
. .. ≈ . ≈. .
. . ≈≈≈ ≈
........ .#
..#>.(. ≈ ## .
###..(# ..
...#....w###
...
........X@##
.. .
........w#.# .
...........###
# ...#.....#.#
. #.. ##...#
..# # ..
...#....§ ###.
... .........
# ≈ # . ....
...(. . ≈≈≈..
.. . .... ..
≈≈ .#


You could see a tentacled starspawn and 2 starspawn tentacles.

Vanquished Creatures
  An Executioner (Abyss:1)
  Gastronok (D:8)
  An orc warlord (Orc:3)
  Snorg (Orc:1)
  A fire dragon (Lair:8)
  Josephine (D:11)
  The ghost of zkyp the Severer, a powerful HOFi of Beogh (Lair:2)
  Fannar (Lair:8)
  Harold (Lair:7)
  5 hydras
  Erica (D:11)
  A centaur warrior (D:13)
  9 death yaks
  4 orc high priests (Orc:4)
  Nergalle (Lair:2)
  A shadow wraith (Abyss:1)
  2 unseen horrors
  3 hill giants
  Erolcha (Orc:3)
  Pikel (D:7)
  A lindwurm (Lair:8)
  An orc knight (Orc:4)
  A cyclops (Orc:4)
  A draconian (shapeshifter) (D:13)
  4 griffons
  2 orc sorcerers (Orc:4)
  A manticore (D:11)
  Maurice (D:8)
  Joseph (D:7)
  A queen ant (Lair:6)
  19 elephants
  11 black mambas
  An efreet (D:14)
  9 spiny frogs
  A smoke demon (Abyss:1)
  2 orange demons (Abyss:1)
  13 komodo dragons
  3 fire drakes
  8 polar bears (Lair:8)
  5 trolls
  2 merfolk (Lair:6)
  Grinder (D:5)
  2 two-headed ogres (D:9)
  14 blink frogs
  9 basilisks
  2 starcursed masses (Abyss:1)
  2 wraiths (D:11)
  A trapdoor spider (D:13)
  The ghost of timbw the Chiller, an average TeIE (D:6)
  2 large abominations (Abyss:1)
  5 deep elf magi
  3 steam dragons (Lair:8)
  2 deep elf fighters (Volcano)
  58 yaks
  Eustachio (D:8)
  16 hippogriffs
  2 hogs (Volcano)
  3 hungry ghosts (D:10)
  6 vampire mosquitoes
  17 wolves
  14 soldier ants
  A tengu zombie (D:10)
  Menkaure (D:6)
  7 wargs
  5 hell hounds
  15 water moccasins
  36 orc warriors
  A mottled dragon (Lair:8)
  4 ice beasts
  An eye of draining (D:11)
  4 sky beasts
  2 swamp drakes
  8 porcupines
  2 phantoms
  9 crocodiles
  13 black bears
  A boring beetle (Lair:8)
  9 ogres
  14 centaurs
  4 big kobolds
  A gnoll sergeant (D:11)
  Blork the orc (D:5)
  23 giant frogs
  5 scorpions
  16 killer bees
  3 wights (D:13)
  2 troll skeletons
  2 giant frog zombies
  2 goliath beetles
  A quasit (D:7)
  2 crimson imps
  2 jellies (D:11)
  A gnoll shaman (D:7)
  A two-headed ogre zombie (D:11)
  22 orc priests
  24 hounds
  A giant frog skeleton (D:7)
  12 iguanas
  7 orange rats (Lair:2)
  An elf skeleton (D:8)
  29 orc wizards
  47 worker ants
  26 sheep
  A big kobold zombie (D:6)
  A small abomination (Abyss:1)
  A centaur simulacrum (D:11)
  A hound zombie (D:7)
  A worker ant zombie (D:9)
  15 gnolls
  31 adders
  36 green rats
  5 shadow imps
  2 giant mites
  A worm (D:2)
  An orc simulacrum (D:11)
  An adder skeleton (D:6)
  9 giant geckos
  159 orcs
  10 giant cockroaches
  2 gnoll zombies (D:2)
  20 hobgoblins
  26 jackals
  12 quokkas
  5 ball pythons
  17 bats
  A giant gecko zombie (D:6)
  3 giant newts
  29 goblins
  A hobgoblin skeleton (D:7)
  15 kobolds
  2 orc skeletons
  An orc zombie (D:6)
  13 rats
  A fungus (Lair:8)
  2 plants (Lair:8)
1080 creatures vanquished.

Vanquished Creatures (others)
  A black bear (D:7)
  An orc (Orc:4)
  13 fungi
  11 plants (Lair:8)
  2 starspawn tentacles (Abyss:1)
  3 starspawn tentacle segments (Abyss:1)
31 creatures vanquished.

Grand Total: 1111 creatures vanquished

Notes
Turn   | Place    | Note
--------------------------------------------------------------
     0 | D:1      | Gorice, the Demonspawn Wanderer, began the quest for the Orb.
     0 | D:1      | Reached XP level 1. HP: 19/19 MP: 1/1
   197 | D:1      | Gained mutation: You are partially covered in yellow scales (AC +2). [demonic ancestry]
   197 | D:1      | Reached XP level 2. HP: 23/25 MP: 2/2
   728 | D:1      | Reached XP level 3. HP: 30/30 MP: 3/3
  1115 | D:2      | Found a basalt altar of Yredelemnul.
  1455 | D:2      | Gained mutation: You are immune to rotting. [demonic ancestry]
  1455 | D:2      | Reached XP level 4. HP: 27/37 MP: 4/4
  2022 | D:3      | Found a glowing golden altar of the Shining One.
  2022 | D:3      | Found an ancient bone altar of Kikubaaqudgha.
  2075 | D:3      | Gained mutation: You are mostly covered in yellow scales (AC +3). [demonic ancestry]
  2075 | D:3      | Reached XP level 5. HP: 42/42 MP: 5/5
  2543 | D:3      | Found a blossoming altar of Fedhas.
  2566 | D:3      | Noticed an oklob plant
  2803 | D:3      | Upgraded the game from 0.16-a0-1784-gf5591c9 to 0.16-a0-1794-gf7beed7
  3279 | D:4      | Reached XP level 6. HP: 48/48 MP: 7/7
  3441 | D:4      | Reached skill level 5 in Crossbows
  3827 | D:4      | Reached XP level 7. HP: 54/54 MP: 8/8
  3874 | D:4      | Noticed an ogre
  3879 | D:4      | Killed an ogre
  4061 | D:5      | Entered Level 5 of the Dungeon
  4069 | D:5      | Reached skill level 6 in Crossbows
  4229 | D:5      | Reached skill level 5 in Armour
  4265 | D:5      | Found a burning altar of Makhleb.
  4326 | D:5      | Noticed Blork the orc
  4338 | D:5      | Killed Blork the orc
  4457 | D:5      | Noticed Grinder
  4470 | D:5      | Killed Grinder
  4470 | D:5      | Reached skill level 7 in Crossbows
  4470 | D:5      | Gained mutation: You are completely covered in yellow scales (AC +4, rCorr). [demonic ancestry]
  4470 | D:5      | Reached XP level 8. HP: 46/60 MP: 9/9
  5000 | D:6      | Found a staircase to the Ecumenical Temple.
  5015 | D:6      | Noticed Menkaure
  5024 | D:6      | Killed Menkaure
  5074 | D:6      | Reached skill level 8 in Crossbows
  5127 | Temple   | Entered the Ecumenical Temple
  5214 | Temple   | Became a worshipper of Warmaster Okawaru
  5339 | D:6      | Found a shattered altar of Ashenzari.
  5418 | D:6      | Noticed timbw's ghost (average TeIE)
  5425 | D:6      | Killed timbw's ghost
  5655 | D:6      | Reached XP level 9. HP: 34/65 MP: 10/10
  5702 | D:6      | Acquired Okawaru's first power
  5702 | D:6      | Reached skill level 9 in Crossbows
  6942 | D:7      | Noticed Pikel
  6973 | D:7      | Killed Pikel
  6973 | D:7      | Reached skill level 10 in Crossbows
  7019 | D:7      | Noticed Joseph
  7039 | D:7      | Killed Joseph
  7257 | D:7      | Found a deep blue altar of Sif Muna.
  7360 | D:7      | Gained mutation: You emit a foul stench. [demonic ancestry]
  7360 | D:7      | Reached XP level 10. HP: 71/71 MP: 11/11
  7373 | D:7      | Identified a scroll of acquirement
  7374 | D:7      | Got a crystal arbalest
  7375 | D:7      | Identified the +0 arbalest "Qoumpek" {flame, rPois rC+ Int+2 Stlth--} (You acquired it on level 7 of the Dungeon)
  7771 | D:8      | Reached skill level 11 in Crossbows
  7841 | D:8      | Noticed Maurice
  7854 | D:8      | Killed Maurice
  7854 | D:8      | Received a gift from Okawaru
  8016 | D:8      | Noticed Eustachio
  8028 | D:8      | Killed Eustachio
  8362 | D:8      | Found an opulent altar of Gozag.
  8362 | D:8      | Noticed Gastronok
  8403 | D:8      | Killed Gastronok
  8403 | D:8      | Received a gift from Okawaru
  8403 | D:8      | Received a gift from Okawaru
  8403 | D:8      | Reached skill level 12 in Crossbows
  8540 | D:8      | Noticed a three-headed hydra
  8543 | D:8      | Killed a three-headed hydra
  8543 | D:8      | Received a gift from Okawaru
  8543 | D:8      | Gained mutation: You have a pair of small antennae on your head. [demonic ancestry]
  8543 | D:8      | Reached XP level 11. HP: 35/77 MP: 9/12
  8867 | D:9      | Found a staircase to the Lair.
  8916 | Lair:1   | Entered Level 1 of the Lair of Beasts
  8946 | Lair:1   | Found a dark tunnel.
  8958 | Volcano  | Entered a volcano
  9230 | Volcano  | Acquired Okawaru's second power
  9576 | Lair:1   | Reached skill level 1 in Invocations
  9954 | Lair:1   | Reached skill level 13 in Crossbows
  9966 | Lair:1   | Received a gift from Okawaru
 10411 | D:9      | Reached skill level 10 in Armour
 10416 | D:9      | Received a gift from Okawaru
 10725 | D:9      | Received a gift from Okawaru
 10789 | D:9      | Reached skill level 1 in Dodging
 11380 | Lair:2   | Noticed Nergalle
 11391 | Lair:2   | Killed Nergalle
 11394 | Lair:2   | Received a gift from Okawaru
 11429 | Lair:2   | Reached skill level 5 in Invocations
 11479 | Lair:2   | Received a gift from Okawaru
 11698 | Lair:2   | Gained mutation: You have a pair of antennae on your head. [demonic ancestry]
 11698 | Lair:2   | Reached XP level 12. HP: 77/83 MP: 21/21
 12028 | Lair:2   | Noticed zkyp's ghost (powerful HOFi)
 12048 | Lair:2   | Killed zkyp's ghost
 12048 | Lair:2   | Received a gift from Okawaru
 12248 | Lair:2   | Reached skill level 14 in Crossbows
 12512 | Lair:3   | Received a gift from Okawaru
 12670 | Lair:3   | Received a gift from Okawaru
 12675 | Lair:3   | Got a steaming cloak {god gift}
 12686 | Lair:3   | Identified the +0 cloak "Smufyschi" {+Rage +Inv +Fly} (Okawaru gifted it to you on level 3 of the Lair of Beasts)
 13603 | Lair:4   | Reached skill level 5 in Dodging
 13732 | Lair:4   | Identified Tarocugh's Catalogue of Enchantment
 13735 | Lair:4   | Reached skill level 1 in Spellcasting
 14596 | Lair:1   | Learned a level 1 spell: Apportation
 14599 | Lair:1   | Learned a level 2 spell: Blink
 14602 | Lair:1   | Learned a level 2 spell: Repel Missiles
 14942 | Lair:5   | Reached skill level 15 in Crossbows
 15474 | Lair:5   | Gained mutation: You radiate miasma. [demonic ancestry]
 15474 | Lair:5   | Reached XP level 13. HP: 88/88 MP: 25/25
 15732 | Lair:6   | Received a gift from Okawaru
 15733 | Lair:6   | Got a shimmering arbalest {god gift}
 15734 | Lair:6   | Identified the -2 arbalest of the Ten Moons {flame, Int-2} (Okawaru gifted it to you on level 6 of the Lair of Beasts)
 16085 | Lair:6   | Reached skill level 1 in Translocations
 16707 | Lair:6   | Found a viscous altar of Jiyva.
 16709 | Lair:6   | Found a staircase to the Slime Pits.
 16723 | Lair:6   | Found a hole to the Spider Nest.
 17428 | Lair:6   | Received a gift from Okawaru
 17772 | Lair:6   | Found a staircase to the Shoals.
 18215 | Lair:7   | Noticed Harold
 18233 | Lair:7   | Killed Harold
 18541 | Lair:7   | Reached skill level 5 in Translocations
 18680 | Lair:7   | Received a gift from Okawaru
 19224 | Lair:1   | Learned a level 3 spell: Portal Projectile
 19369 | Lair:8   | Entered Level 8 of the Lair of Beasts
 19664 | Lair:8   | Received a gift from Okawaru
 19760 | Lair:7   | Reached XP level 14. HP: 39/95 MP: 22/25
 20023 | Lair:8   | Noticed Fannar
 20036 | Lair:8   | Killed Fannar
 20202 | Lair:8   | Received a gift from Okawaru
 20344 | Lair:8   | Reached skill level 16 in Crossbows
 20544 | Lair:8   | Received a gift from Okawaru
 20668 | Lair:8   | Received a gift from Okawaru
 20890 | Lair:8   | Reached skill level 1 in Charms
 21669 | Lair:8   | Got a bloodstained trident
 21711 | Lair:8   | Received a gift from Okawaru
 21755 | Lair:8   | Identified the +6 trident "Zeuwupu" {flame, rC+ Int+1} (You found it on level 8 of the Lair of Beasts)
 21831 | Lair:8   | Received a gift from Okawaru
 22441 | Lair:1   | Learned a level 2 spell: Shroud of Golubria
 22519 | D:10     | Entered Level 10 of the Dungeon
 22632 | D:10     | Received a gift from Okawaru
 22731 | D:10     | Found a shadowy altar of Dithmenos.
 22849 | D:10     | Found a staircase to the Orcish Mines.
 23834 | Orc:1    | Entered Level 1 of the Orcish Mines
 24278 | Orc:2    | Found a bloodstained altar of Trog.
 24750 | Orc:2    | Found Jaen's Gadget Shoppe.
 25024 | Orc:1    | Noticed Snorg
 25038 | Orc:1    | Killed Snorg
 25273 | Orc:1    | Found Jitweij's Gadget Shop.
 25720 | D:11     | Noticed Erica
 25728 | D:11     | Killed Erica
 26342 | D:11     | Noticed Josephine
 26365 | D:11     | Killed Josephine
 26365 | D:11     | Reached skill level 10 in Dodging
 26365 | D:11     | Reached XP level 15. HP: 92/100 MP: 26/26
 26928 | D:12     | Received a gift from Okawaru
 26934 | D:12     | Reached skill level 5 in Charms
 26952 | D:12     | Found Lofykle Klock's Weapon Shop.
 27984 | Orc:3    | Found Kiputios' General Store.
 27997 | Orc:3    | Bought an uncursed ring of protection from magic for 350 gold pieces
 27997 | Orc:3    | Bought a scroll of identify for 28 gold pieces
 28234 | Orc:3    | Noticed Erolcha
 28239 | Orc:3    | Killed Erolcha
 28486 | Orc:4    | Entered Level 4 of the Orcish Mines
 28508 | Orc:4    | Found a staircase to the Elven Halls.
 28630 | Orc:4    | Found Ghapnud's General Store.
 28803 | Orc:4    | Received a gift from Okawaru
 29161 | Orc:4    | Found Diudwoj's Jewellery Emporium.
 29235 | Orc:4    | Bought a +5 ring of protection for 660 gold pieces
 29495 | Orc:4    | Found Patyaps' Antique Weapon Emporium.
 29722 | Orc:4    | Bought a bloodstained lajatang for 480 gold pieces
 29723 | Orc:4    | Identified the cursed +5 lajatang "Regame" {venom, Str+3} (You bought it in a shop on level 4 of the Orcish Mines)
 29775 | Orc:4    | Found Gruycwogg's Antique Armour Boutique.
 29780 | Orc:4    | Reached skill level 17 in Crossbows
 30279 | Orc:4    | Bought a smoking ring mail for 252 gold pieces
 30290 | Orc:4    | Identified the +4 ring mail of the Spider Nest {rN+} (You bought it in a shop on level 4 of the Orcish Mines)
 30476 | Lair:1   | Upgraded the game from 0.16-a0-1794-gf7beed7 to 0.16-a0-1816-g2c93a98
 30869 | D:13     | Got a faintly glowing ring mail
 30880 | D:13     | Identified the +1 ring mail of the Castellan {rPois} (You found it on level 13 of the Dungeon)
 31036 | D:13     | Learned a level 3 spell: Regeneration
 31869 | D:14     | Found Safat's Magic Scroll Emporium.
 31878 | D:14     | Bought a scroll of identify for 26 gold pieces
 31878 | D:14     | Bought a scroll of identify for 26 gold pieces
 31878 | D:14     | Bought a scroll of identify for 26 gold pieces
 31998 | D:14     | Noticed Louise
 32006 | D:14     | Cast into the Abyss (Louise)
 32217 | Abyss:1  | Noticed an Executioner
 32223 | Abyss:1  | Killed an Executioner
 32244 | Abyss:1  | Noticed a tentacled starspawn
 32262 | Abyss:1  | Demolished by a tentacled starspawn

Action                   |  1- 3 |  4- 6 |  7- 9 | 10-12 | 13-15 || total
-------------------------+-------+-------+-------+-------+-------++-------
Melee: Club              |    48 |       |       |       |       ||    48
       Spear             |    42 |    33 |       |       |       ||    75
       Whip              |       |    54 |   113 |    57 |   453 ||   677
 Fire: Hand crossbow     |    82 |   166 |   351 |     1 |       ||   600
       Blowgun           |       |       |     2 |     1 |       ||     3
       Arbalest          |       |       |       |   669 |  1842 ||  2511
Throw: Throwing net      |       |       |       |       |     2 ||     2
 Cast: Repel Missiles    |       |       |       |     1 |     5 ||     6
       Blink             |       |       |       |       |    16 ||    16
       Apportation       |       |       |       |       |     9 ||     9
       Portal Projectile |       |       |       |       |     6 ||     6
       Regeneration      |       |       |       |       |     5 ||     5
Invok: Heroism           |       |       |     1 |    11 |    17 ||    29
       Finesse           |       |       |       |     2 |     4 ||     6
 Abil: Evoke Flight      |       |       |       |       |     6 ||     6
Evoke: Wand              |       |       |       |     1 |     1 ||     2
  Use: Scroll            |     2 |     5 |     6 |    13 |    10 ||    36
       Potion            |       |       |     2 |     5 |     3 ||    10
 Stab: Sleeping          |       |       |       |       |     1 ||     1
  Eat: Chunk             |     2 |     7 |    10 |    25 |    44 ||    88
       Pizza             |       |       |     1 |       |     2 ||     3
       Beef jerky        |       |       |       |     1 |     5 ||     6
       Meat ration       |       |       |       |       |     1 ||     1
